[Event "Superbet Blitz Poland 2022"]
[Site "Warsaw"]
[Date "2022.05.22"]
[Round "9.2"]
[White "Rapport, Richard"]
[Black "So, Wesley"]
[Result "0-1"]
[ECO "C47"]
[WhiteElo "2776"]
[BlackElo "2766"]
[Annotator "TA"]
[PlyCount "126"]
[EventDate "2022.05.22"]
[EventType "tourn"]
[EventCountry "POL"]
[SourceTitle "playchess.com"]
[Source "ChessBase"]
[SourceQuality "1"]
[TimeControl "300+2"]

1. e4 e5 2. Nf3 Nc6 3. Nc3 Nf6 4. a4 d5 5. Bb5 {[%emt 0:00:01] [#]} d4 $146 ({Predecessor:} 5... Nxe4 6. Nxe5 Qf6 7. Nf3 Be6 8. Qe2 Qg6 9. Nh4 Qf6 10. Nf3 Qg6 11. Nxe4 dxe4 {0-1 (41) Van Foreest,J (2629)-Smeets,J (2608) Amstelveen 2017}) 6. Ne2 {[%emt 0:00:02] C47: Scotch Four Knights and Four Knights with 4 g3.} Bd6 7. d3 O-O 8. Bxc6 {[%emt 0:00:04] The position is equal.} bxc6 9. h3 c5 10. b3 Ne8 11. g4 g6 12. Ng3 Ng7 13. Bh6 Rb8 14. Rg1 Kh8 15. Kf1 f6 16. Nd2 Rf7 17. Qf3 Ne6 18. h4 Bf8 19. Bxf8 Qxf8 20. Rh1 Bb7 21. Qe2 ({White should try} 21. h5 $11) 21... Nf4 $15 22. Qe1 Re8 {[%emt 0:00:32] 0x0.000a5ab7349cdp-1022s more active pieces.} (22... h5 $17 23. gxh5 gxh5) 23. h5 $11 g5 24. Nc4 Ba6 25. Nb2 Qd6 26. Nf5 Qb6 27. f3 Qb4 28. Kf2 Rb8 29. a5 Bb5 30. a6 Rff8 31. Ra5 Ne6 32. Ne7 c6 33. Nf5 Rfd8 {[%emt 0:00:08] Inhibits Nd6.} 34. Kg3 Kg8 35. Ra2 Kf8 36. Qe2 Nf4 {[%emt 0:00:05] The board is on fire.} 37. Qf2 Ne6 38. Rha1 Nf4 39. Kh2 Ne6 40. Ng3 Rb6 41. Nf1 Nc7 42. Nd2 Rxa6 43. Rxa6 Bxa6 44. Ra2 Ra8 45. Ndc4 Bb5 46. Na5 Ne6 47. Nd1 {[%emt 0:00:02] Pair of Knights!} Nf4 48. Kg3 Rb8 {[%emt 0:00:00] Threatens to win with ...Rb6.} 49. Kh2 Rb6 {[%emt 0:00:00] [#] aiming for ...Ra6.} 50. Nc4 Ra6 $36 {[%emt 0:00:00][%mdl 2048] Black has good play.} 51. Rxa6 Bxa6 52. Nd6 {[%emt 0:00:03][%mdl 8192] Loses the game.} (52. Ndb2 $17) 52... Ke7 $19 53. Nf5+ Kd7 54. Nb2 Bb5 55. Nh6 (55. h6 $142) 55... a5 56. Nd1 a4 57. bxa4 Bxa4 {[%emt 0:00:00] [#] Hoping for ...Qb1.} 58. c3 dxc3 59. Qa2 Bxd1 {[%emt 0:00:00] Black mates.} 60. Qf7+ Kc8 61. Kg3 Qd4 62. Qg8+ Kc7 63. Qf7+ Kb6 {[%emt 0:00:00] Weighted Error Value: White=0.40/Black=0.09 (flawless)} 0-1

[Event "Superbet Blitz Poland 2022"]
[Site "Warsaw"]
[Date "2022.05.22"]
[Round "9.3"]
[White "Wojtaszek, Radoslaw"]
[Black "Anand, Viswanathan"]
[Result "1/2-1/2"]
[ECO "D38"]
[WhiteElo "2696"]
[BlackElo "2751"]
[Annotator "TA"]
[PlyCount "186"]
[EventDate "2022.05.22"]
[EventType "tourn"]
[EventCountry "POL"]
[SourceTitle "playchess.com"]
[Source "ChessBase"]
[SourceQuality "1"]
[TimeControl "300+2"]

1. d4 Nf6 2. c4 e6 3. Nf3 d5 4. Nc3 Bb4 5. Bg5 h6 6. Bxf6 Qxf6 7. Qa4+ Nc6 8. e3 O-O 9. Be2 dxc4 10. Bxc4 e5 11. O-O exd4 12. Nd5 Qd6 13. Nxb4 Nxb4 14. Nxd4 c5 (14... Bd7 $5 15. Qb3 c5 $11) 15. Nf3 Bd7 16. Qd1 Qe7 17. a3 Nc6 18. Qc2 Ne5 19. Nxe5 Qxe5 20. Rad1 Bc6 21. Qb3 Qe7 22. Bd5 Rac8 23. Bxc6 Rxc6 24. Rd5 c4 25. Qc3 Rd8 26. Rfd1 Rxd5 27. Rxd5 Qf6 28. Rd4 b5 29. h4 a6 30. Qb4 h5 31. a4 bxa4 32. Qxa4 c3 (32... Qe6 $14) 33. bxc3 $16 g6 34. Qa5 Kg7 35. c4 Rb6 36. Qa1 (36. Rf4 {is more complex.} Qd8 37. Qc3+ Kg8 38. c5) 36... Rb4 37. Qc1 Qf5 38. Rd1 (38. Qc3 {seems wilder.} Rb1+ 39. Rd1+ Kh7 40. Rf1) 38... Qe5 39. c5 Rb7 $2 (39... Rxh4 $2 40. f4 Qe4 41. Rd4 $18) (39... Rb5 $16) 40. Qc4 $2 (40. c6 $18 {and the rest is easy.} Rb8 41. c7) 40... Rc7 $16 41. Qxa6 (41. c6 $142 {And now Rd7 would win.} Qf6 42. Rc1 (42. Qxa6 Qxc6 43. Qxc6 Rxc6 $16)) 41... Qxc5 42. g3 Qe5 43. Qd3 Qf6 44. Qe2 Rb7 45. Kg2 Rb2 46. Rd2 Qc6+ 47. Kh2 Rb1 48. Rd1 Rxd1 49. Qxd1 Qa6 50. Qd4+ Kg8 51. e4 Qe2 52. Kg2 (52. Qe3 $11 Qxe3 53. fxe3) 52... Qa2 53. Qd5 Qe2 54. Qd8+ Kg7 55. Qd4+ Kg8 56. Qe5 Qd3 57. Qf4 Kg7 58. Qf3 Qd4 59. Qf4 Qd3 60. Qe5+ Kg8 $1 61. Qd5 Qe2 62. e5 (62. Qa8+ $14 Kg7 63. Qc6) 62... Kg7 $11 63. Qd4 Kg8 64. Qf4 Qa2 65. Qf6 Qd5+ 66. Kh2 Qe4 67. Qf4 Qd5 68. Kg1 Qd1+ 69. Kh2 Qd5 70. Qe3 Kg7 71. f3 Qa2+ 72. Kh3 Qb1 73. g4 hxg4+ 74. fxg4 Qa2 75. Kg3 Qc4 76. h5 gxh5 77. Qg5+ Kh7 78. Qf5+ Kg7 79. Qg5+ Kh7 80. Qxh5+ Kg7 81. Qg5+ Kh7 82. Qf5+ Kg7 83. Qf6+ Kg8 84. Kh4 Qc2 85. e6 fxe6 86. Qxe6+ Kg7 87. Kg5 Qc5+ 88. Qf5 Qe3+ 89. Kh4 Qe1+ 90. Kh3 Qh1+ 91. Kg3 Qg1+ 92. Kh3 Qh1+ 93. Kg3 Qg1+ 1/2-1/2

[Event "Superbet Blitz Poland 2022"]
[Site "Warsaw"]
[Date "2022.05.22"]
[Round "9.4"]
[White "Duda, Jan-Krzysztof"]
[Black "Shevchenko, Kirill"]
[Result "1-0"]
[ECO "D15"]
[WhiteElo "2750"]
[BlackElo "2644"]
[Annotator "TA"]
[PlyCount "219"]
[EventDate "2022.05.22"]
[EventType "tourn"]
[EventCountry "POL"]
[SourceTitle "playchess.com"]
[Source "ChessBase"]
[SourceQuality "1"]
[TimeControl "300+2"]

1. d4 Nf6 2. c4 c6 3. Nf3 d5 4. e3 Bf5 5. Nc3 a6 6. Ne5 Nbd7 7. Qb3 Qc7 8. cxd5 Nxe5 9. dxe5 Nxd5 10. Bc4 e6 11. e4 Nxc3 12. exf5 Qxe5+ 13. Be3 Nd5 14. Bxd5 Qxd5 15. Qxb7 c5 16. Qb6 Be7 17. fxe6 O-O 18. exf7+ Qxf7 19. O-O Rfb8 20. Qc6 Bf6 21. Rab1 c4 22. Rfc1 Rc8 23. Qa4 Rab8 24. b4 c3 25. Qb3 Rc4 26. a3 h5 27. Qc2 Qe6 28. Rd1 Qc6 29. h3 h4 30. Bc5 Re8 31. Qa2 (31. f3 $14) 31... Qe6 $11 32. Rd6 (32. Qc2 $11 {remains equal.}) 32... Qf7 $2 (32... Qe2 $1 $17 {[%cal Re2a2] stays on course.} 33. Qxe2 Rxe2) 33. Qc2 (33. Rxa6 $2 c2 34. Rc1 Re1+ $3 35. Rxe1 c1=Q $19) 33... Rce4 34. Be3 (34. Rxa6 Re1+ 35. Rxe1 Rxe1+ 36. Kh2 Be5+ 37. g3 Qf3) 34... Qc4 35. a4 (35. Rbd1 $14) 35... Kh8 (35... Be5 $11 36. Rd3 Bf6) 36. b5 $14 Qxa4 37. Qxa4 Rxa4 38. Rxa6 (38. bxa6 c2 39. Re1 Rc8 $11) 38... c2 {[%emt 0:00:00] [#]} 39. Rc1 $1 Rb4 40. Rc6 Rxb5 41. R6xc2 Rb4 42. Kf1 Kh7 43. Rd1 Kg6 44. Rd5 Rb1+ 45. Rc1 Rxc1+ 46. Bxc1 Rd8 47. Rc5 Rd1+ 48. Ke2 Rg1 49. Kf3 Rd1 50. Be3 Rb1 51. Rc4 Rb2 52. Kg4 Ra2 53. Re4 Rc2 54. Kf3 Ra2 55. Rg4+ Kf5 56. Rf4+ Kg6 57. Bd4 Bxd4 58. Rxd4 Kh5 59. Rd8 g5 60. Rh8+ Kg6 61. Re8 Kf5 62. Rf8+ Kg6 $1 63. Kg4 Ra4+ 64. f4 gxf4 65. Kxh4 Kg7 66. Rf5 Kg6 67. Rf8 Kg7 68. Rf5 Kg6 69. Rg5+ Kf6 70. Rg8 Kf5 (70... f3+ $1 $11 71. Kh5 Kf7) 71. Rf8+ Ke5 $2 {[%emt 0:00:03] [#]} (71... Kg6 $11 {and Black has nothing to worry.}) 72. Kg4 $2 (72. Kg5 $1 $18 {Threatening mate with Rf5+.} Ra2 73. Re8+ Kd6 74. Kxf4 Rxg2 75. h4) 72... Ra2 $11 73. Re8+ Kf6 $1 74. Kf3 Kf5 75. Rf8+ Kg5 76. Rg8+ (76. Rxf4 Ra3+ 77. Ke4 Ra4+ 78. Ke5 Rxf4 79. Kd5 Rf2 80. g3 Rf3 81. h4+ Kf5 82. Kd6 Rxg3 83. Kd5 Rh3 84. h5 Rxh5 85. Kd4 Kf4 86. Kd3 Rd5+ 87. Kc3 Ke3 88. Kc4 Rg5 89. Kb3 Kd3 90. Kb4 Rh5 91. Kb3 Rh4 92. Kb2 Rb4+ 93. Ka3 Kc3 94. Ka2 Ra4+ 95. Kb1 Ra7 96. Kc1 Ra1#) 76... Kf5 77. Rf8+ Kg5 78. Re8 (78. Rxf4 Ra3+ 79. Ke4 Ra4+ 80. Ke5 Rxf4 81. Kd5 Rh4 82. Ke6 Kf4 83. Kd6 Kg3 84. Ke5 Kxg2 85. Kd5 Kf3 86. Ke5 Rxh3 87. Kf5 Rh5+ 88. Ke6 Ke4 89. Kd6 Rf5 90. Ke6 Rd5 91. Kf6 Re5 92. Kg6 Rf5 93. Kg7 Kf4 94. Kg6 Kg4 95. Kh6 Rg5 96. Kh7 Kh5 97. Kh8 Kg6 98. Kg8 Rf5 99. Kh8 Rf8#) 78... Ra3+ 79. Kf2 Ra2+ 80. Re2 Ra3 81. Rb2 Ra5 82. Rb3 Rc5 83. Kf3 Ra5 84. Rd3 Rc5 85. Ke4 Rc4+ 86. Rd4 Rc2 87. Rd5+ Kg6 88. Kf3 Ra2 $2 (88... Kf6 $14) 89. h4 Rb2 90. Rg5+ Kh6 91. Kxf4 Rb4+ 92. Kg3 Rb3+ 93. Kh2 Rb4 94. Kh3 (94. g4 Ra4 $11) 94... Rb1 95. Ra5 (95. g4 Rb3+ 96. Kh2 Rb4 $14) 95... Kg6 96. Ra6+ Kg7 97. g3 (97. g4 Rb3+ 98. Kh2 Rb2+ 99. Kh3 Rb3+ 100. Kh2 Rb2+ 101. Kg3 Rb3+ 102. Kh2 $11) 97... Rb4 98. h5 ({Not} 98. g4 Rb3+ 99. Kh2 Rb2+ 100. Kh3 Rb3+ 101. Kh2 Rb2+ 102. Kh3 Rb3+ $11) 98... Rb1 99. Kh4 Kh7 100. g4 Rc1 101. Ra7+ Kh8 102. h6 Rc5 103. g5 Re5 104. Kh5 Re8 105. Ra5 Rc8 106. Rf5 Kh7 107. g6+ Kg8 108. h7+ Kg7 109. Rf7+ Kh8 110. Kh6 1-0

[Event "Superbet Blitz Poland 2022"]
[Site "Warsaw"]
[Date "2022.05.22"]
[Round "9.5"]
[White "Korobov, Anton"]
[Black "Gavrilescu, David"]
[Result "0-1"]
[ECO "C11"]
[WhiteElo "2671"]
[BlackElo "2518"]
[Annotator "TA"]
[PlyCount "92"]
[EventDate "2022.05.22"]
[EventType "tourn"]
[EventCountry "POL"]
[SourceTitle "playchess.com"]
[Source "ChessBase"]
[SourceQuality "1"]
[TimeControl "300+2"]

1. e4 e6 2. d4 d5 3. Nc3 Nf6 4. e5 Nfd7 5. f4 c5 6. Nf3 Nc6 7. Be3 cxd4 8. Nxd4 Qb6 9. Qd2 Qxb2 10. Rb1 Qa3 11. Bb5 {[%emt 0:00:02] [#] Hoping for Rb3.} Nxd4 {[%emt 0:00:02] C11: French: Classical System: 4 e5 and 4 Bg5 dxe4.} 12. Bxd4 ({Much weaker is} 12. Qxd4 a6 13. Bxd7+ Bxd7 14. Rxb7 Rc8 $17) 12... a6 (12... Bb4 {looks sharper.} 13. Rb3 Qa5 14. O-O a6) 13. Bxd7+ Bxd7 {[%emt 0:00:01] White has an edge.} 14. Rb3 Qe7 15. Rxb7 Qh4+ 16. Qf2 Qxf2+ 17. Kxf2 Be7 18. Rhb1 Bd8 19. Ke3 Bc6 {[%emt 0:00:40] [#]} 20. Ra7 $146 ({Predecessor:} 20. Rb8 O-O 21. Rxa8 Bxa8 22. Bc5 Re8 23. Ne2 Ba5 24. Rb3 Rc8 25. Bb6 Be1 26. g3 {½-½ (41) Perez Ponsa,F (2561)-Villanueva,M (2450) Villa Martelli 2021}) 20... Rxa7 21. Bxa7 Kd7 22. Ne2 Be7 23. Nd4 Ra8 24. Nxc6 Kxc6 $11 {[%emt 0:00:02][%mdl 4096] Endgame KRB-KRB} 25. Bd4 Bd8 26. g4 Rc8 27. f5 g6 28. fxe6 fxe6 29. Rf1 Rb8 30. Kd3 Rb4 31. Rf7 Ra4 32. Rxh7 g5 {[%emt 0:00:02] Prevents h4.} 33. Rh6 Kd7 34. Rh7+ Kc6 35. Rg7 Rxa2 36. Be3 Ra3+ 37. c3 Ba5 38. Bd2 ({Of course not} 38. Bxg5 Bxc3 39. Bc1 Bb2+ 40. Kc2 Bxc1 41. Kxc1 d4 $15) 38... d4 39. Kxd4 ({Not} 39. Bxg5 Kd5 40. Ra7 Bxc3 $17) 39... Ra4+ 40. Kd3 Rxg4 41. Bxg5 {[%emt 0:00:07] Strongly threatening Bf6.} Kd5 $2 ({Better is} 41... Rg2 $14) 42. Bf6 $18 Rf4 43. Rd7+ Kc5 44. h4 Rf3+ 45. Ke2 (45. Ke4 $18 Rxc3 46. Re7 Rc4+ 47. Kf3) 45... Rxc3 46. Rc7+ $2 {[%emt 0:00:02][%mdl 8192] [#]} Bxc7 {[%emt 0:00:01] Quite a comeback for Black.  Weighted Error Value: White=0.28 (precise) /Black=0.19 (very precise)} 0-1

[Event "Superbet Blitz Poland 2022"]
[Site "Warsaw"]
[Date "2022.05.23"]
[Round "10.1"]
[White "Aronian, Levon"]
[Black "Gavrilescu, David"]
[Result "1/2-1/2"]
[ECO "B13"]
[WhiteElo "2765"]
[BlackElo "2518"]
[Annotator "TA"]
[PlyCount "84"]
[EventDate "2022.05.22"]
[EventType "tourn"]
[EventCountry "POL"]
[SourceTitle "playchess.com"]
[Source "ChessBase"]
[SourceQuality "1"]
[TimeControl "300+2"]

1. d4 d5 2. Bf4 c5 3. e3 cxd4 4. exd4 Nc6 5. Nf3 Bf5 6. c4 {[%emt 0:00:39] [#] And now cxd5 would win. B13: Caro-Kann: Exchange Variation and Panov-Botvinnik Attack.} e6 7. c5 {[%emt 0:00:01] [#]} Bg4 $146 ({Predecessor:} 7... Nge7 8. Qb3 Qd7 9. h4 Ng6 10. Bg3 h5 11. Bb5 f6 12. O-O Be7 13. Bd3 Be4 {½-½ (24) Novikov,E (1842)-Vysotskiy,E (1869) LSS email 2018}) 8. Nbd2 g6 (8... g5 $11 {keeps the balance.} 9. Be3 Bg7) 9. Qb3 $16 Bxf3 (9... Qc8 $16) 10. Qxb7 $18 (10. Nxf3 $6 Qa5+ 11. Kd1 O-O-O $14) (10. gxf3 Qd7 11. Qc3 Bg7 $15) 10... Nxd4 (10... Nge7 {keeps fighting.}) 11. Bb5+ $2 (11. Nxf3 $18 Bxc5 12. Nxd4 Bxd4 13. Qb4) 11... Nxb5 $16 12. Qxb5+ (12. Nxf3 f6 $14) 12... Qd7 13. c6 Qc8 {[%emt 0:00:01] Hoping for ...a6.} 14. c7+ (14. gxf3 $6 f6 $14) 14... Qd7 15. Qb8+ Qc8 16. Nxf3 Ne7 17. O-O f6 18. Qb5+ Qd7 19. Qa6 {[%emt 0:00:01] 0x0.00226ac032a6dp-1022s more active pieces. The black rooks are badly placed.} g5 (19... Bg7 $14) 20. Bg3 (20. Bxg5 $18 {is more deadly.} Bg7 21. Be3) 20... Nf5 (20... Bg7 $16 {might work better.}) 21. Rac1 Rc8 22. Rc6 (22. Qxa7 Nxg3 23. fxg3 (23. hxg3 Bd6 $14) 23... Bd6 $16) 22... Kf7 (22... Be7 {is a better defense.}) 23. Re1 $18 Nxg3 24. hxg3 (24. fxg3 Rxc7 25. Rcxe6 Qd8 $16) 24... Bg7 $2 (24... Rxc7 25. Rcxe6 Qd8) 25. Rexe6 Rxc7 26. Nd4 (26. Red6 $18) 26... Rxc6 $16 27. Rxc6 {[%emt 0:00:01] aiming for Ne6.} ({Don't do} 27. Qxc6 $6 Qxc6 28. Rxc6 Re8 $14) 27... Re8 {[%emt 0:00:03] Prevents Ne6.} 28. Qd3 (28. Kh2 $16) 28... Re4 {[%emt 0:00:02] [#]} (28... Re1+ $14 29. Kh2 Qg4 30. Rc7+ (30. Qxh7 Qxd4 31. Rc7+ Re7 $14) 30... Kg8) 29. Ra6 ({White should play} 29. Qc3 $1 $16 {Rc7 is the strong threat.} Kg6 30. Rc7) 29... Re1+ $11 30. Kh2 Qg4 $1 31. Rxa7+ Kg8 32. Ra8+ Bf8 33. Qf5 $2 Qxd4 $19 34. Qc8 Qb4 35. Qd7 Qe7 ({Avoid the trap} 35... Qe4 $2 36. Qd8 Qe7 37. Qxd5+ Kg7 38. Qf5 $19) 36. Qxd5+ Qf7 37. Qf3 Re8 $2 (37... Kg7 $19 {Strongly threatening ...Qg6.} 38. Rd8 Qxa2 39. Rd7+ Be7) 38. Rxe8 $11 {[%emt 0:00:00] The position is equal.} Qxe8 39. Qxf6 Qh5+ 40. Kg1 Qd1+ 41. Kh2 Qh5+ 42. Kg1 Qd1+ {[%emt 0:00:01] Quite a comeback for White.  Weighted Error Value: White=0.64/Black=0.53} 1/2-1/2

[Event "Superbet Blitz Poland 2022"]
[Site "Warsaw"]
[Date "2022.05.23"]
[Round "10.2"]
[White "Korobov, Anton"]
[Black "Shevchenko, Kirill"]
[Result "1-0"]
[ECO "A77"]
[WhiteElo "2671"]
[BlackElo "2644"]
[Annotator "TA"]
[PlyCount "117"]
[EventDate "2022.05.22"]
[EventType "tourn"]
[EventCountry "POL"]
[SourceTitle "playchess.com"]
[Source "ChessBase"]
[SourceQuality "1"]
[TimeControl "300+2"]

1. d4 Nf6 2. c4 c5 3. d5 e6 4. Nc3 exd5 5. cxd5 d6 6. Nf3 g6 7. Nd2 Bg7 8. e4 O-O 9. Be2 Re8 10. O-O Nbd7 11. h3 g5 {[%emt 0:00:22] A77: Modern Benoni: Classical: 9...Re8 10 Nd2: 10...a6 and 10...Nbd7.} 12. Nc4 Nxe4 13. Nxe4 {[%emt 0:00:03][%mdl 64] Remove Defender} Rxe4 {[%emt 0:00:01] White has an edge.} 14. Nxd6 Rd4 15. Qc2 {[%emt 0:00:07] aiming for Nf5.} Nb6 16. Nxc8 Rxc8 17. Be3 {[%emt 0:00:06] [#]} Rxd5 $146 ({Predecessor:} 17... Rb4 18. Rab1 Nxd5 19. Qf5 Nxe3 20. fxe3 Rc7 21. Bd3 Rh4 22. b3 g4 23. hxg4 Qd6 24. Rf4 Qe5 25. Re1 Qxf5 26. gxf5 Rxf4 27. exf4 Bd4+ {½-½ (27) Marikova,J (2148)-Kanovsky,D (2453) Stare Mesto 2015}) 18. Bf3 Rd6 19. Bxb7 Rc7 20. Be4 {[%emt 0:00:02] A strong pair of Bishops.} h6 21. Rad1 Bd4 22. Bxd4 cxd4 23. Qb3 Qf6 24. Rfe1 Kg7 25. Bb1 Nd5 26. Qd3 Nf4 27. Qh7+ Kf8 28. Kh2 Rd8 29. g3 Ne6 30. Kg2 Qg7 (30... a5 $11) 31. Qf5 $16 {[%emt 0:00:02] And now Rxe6 would win.} Rc5 {[%emt 0:00:01] [#]} 32. Qf3 {[%emt 0:00:03] Hoping for Rxe6.} Kg8 33. Qb7 a5 34. Qb6 (34. Qf3 $14 {was preferrable.}) 34... Rcc8 $2 {[%emt 0:00:06] Black is now going downhill.} (34... Rcd5 $11 {and Black is okay.}) 35. Qxa5 $18 ({Much less strong is} 35. Bf5 Rb8 36. Qxa5 Ra8 $16) 35... Qf6 36. Qf5 Kg7 {[%emt 0:00:03] [#]} (36... Qxf5 $16 37. Bxf5 Rd6) 37. Qh7+ $1 Kf8 38. Bf5 (38. a3 $18) 38... Nc5 $2 (38... Qg7 $16 39. Qxg7+ Kxg7) 39. Bxc8 Rxc8 40. Qc2 d3 41. Rxd3 Qc6+ 42. Rf3 {[%emt 0:00:02] Intending Qh7 and mate.} Kg8 {[%emt 0:00:04] Against Qh7+} 43. Qf5 Rc7 44. Qf6 Ne6 {[%emt 0:00:02] [#] Against Qd8+} 45. Rxe6 fxe6 46. Qxh6 {[%emt 0:00:01][%mdl 4096] Endgame KQR-KQR} Rg7 47. Qf6 Qd5 48. a4 Kh7 49. b4 e5 50. Qf5+ Kh6 51. b5 Qa8 52. Qxe5 Kh7 53. Qf5+ Kh6 54. b6 Qxa4 55. Qf6+ Kh7 56. Qf5+ Kh6 $1 57. Qe6+ Kh7 58. Rf6 Qa8+ 59. Kh2 {[%emt 0:00:02] Weighted Error Value: White=0.21 (precise) /Black=0.44} 1-0

[Event "Superbet Blitz Poland 2022"]
[Site "Warsaw"]
[Date "2022.05.23"]
[Round "10.3"]
[White "Duda, Jan-Krzysztof"]
[Black "Anand, Viswanathan"]
[Result "1-0"]
[ECO "C43"]
[WhiteElo "2750"]
[BlackElo "2751"]
[Annotator "TA"]
[PlyCount "67"]
[EventDate "2022.05.22"]
[EventType "tourn"]
[EventCountry "POL"]
[SourceTitle "playchess.com"]
[Source "ChessBase"]
[SourceQuality "1"]
[TimeControl "300+2"]

1. e4 e5 2. Nf3 Nf6 3. d4 Nxe4 4. Bd3 d5 5. Nxe5 Nd7 6. O-O Nxe5 7. dxe5 Nc5 {[%emt 0:00:03] C43: Petroff Defence: 3 d4.} 8. f4 g6 9. Be2 c6 {[%emt 0:00:19] [#] The position is equal.} 10. Nd2 $146 ({Predecessor:} 10. Be3 b6 11. c3 Bg7 12. Nd2 O-O 13. b4 Nb7 14. Nb3 Qc7 15. Rc1 Rd8 16. Qe1 {1-0 (35) Kosteniuk,A (2471)-Koneru,H (2586) Chess.com INT 2020}) 10... Be7 11. Nf3 O-O (11... Qb6 $1 $15 {is more appropriate.} 12. Qd4 Bf5) 12. Be3 $11 Ne6 13. c3 Bc5 14. Nd4 f6 15. Kh1 {[%emt 0:00:02] [#] Hoping for Nxe6.} Bb6 16. Bd3 fxe5 17. fxe5 Rxf1+ 18. Qxf1 Bd7 19. Qf3 Qh4 20. Nxe6 (20. Qe2 {is interesting.} Rf8 21. g3 Qh3 22. Nxe6 Bxe6 23. Bxb6 axb6 24. Kg1) 20... Bxe6 21. Rf1 Bxe3 22. Qxe3 Rf8 (22... b6 $11) 23. Qxa7 $14 Rxf1+ ({Better is} 23... Bc8) 24. Bxf1 {[%emt 0:00:01][%mdl 4096] [#] Endgame And now Qa8+ would win. KQB-KQB} Qe1 25. Qa8+ Kg7 26. Qxb7+ Kh6 (26... Bf7 $16 {was called for.} 27. Qa6 Qxe5 28. Qxc6 d4 29. cxd4 Qxd4) 27. Qa6 $18 Bf5 28. Qe2 Qa1 (28... Qxe2 29. Bxe2 Kg5) 29. a3 Kg7 30. Kg1 {[%emt 0:00:05] e6 is the strong threat.} Kf7 31. g4 Be6 (31... Bc8 32. Qf2+ Ke8) 32. Qf2+ {[%emt 0:00:02] White is clearly winning.} Ke8 33. Qf6 Bxg4 34. e6 {[%emt 0:00:09] Weighted Error Value: White=0.05 (flawless) /Black=0.27 (precise)} 1-0

[Event "Superbet Blitz Poland 2022"]
[Site "Warsaw"]
[Date "2022.05.23"]
[Round "10.4"]
[White "Wojtaszek, Radoslaw"]
[Black "So, Wesley"]
[Result "1/2-1/2"]
[ECO "E05"]
[WhiteElo "2696"]
[BlackElo "2766"]
[Annotator "TA"]
[PlyCount "50"]
[EventDate "2022.05.22"]
[EventType "tourn"]
[EventCountry "POL"]
[SourceTitle "playchess.com"]
[Source "ChessBase"]
[SourceQuality "1"]
[TimeControl "300+2"]

1. d4 Nf6 2. c4 e6 3. Nf3 d5 4. g3 Be7 5. Bg2 O-O 6. O-O dxc4 7. Qc2 a6 8. a4 Bd7 9. Qxc4 Bc6 10. Bg5 Nbd7 11. Nc3 h6 12. Bxf6 {[%emt 0:00:03] E05: Open Catalan: 5 Nf3 Be7.} Nxf6 13. e3 {[%emt 0:00:02] 13.Rfd1 is the modern continuation.} Bd5 {[%emt 0:00:10] A strong pair of Bishops. The position is equal.} 14. Qe2 Bxf3 15. Bxf3 c6 16. Rfd1 {[%emt 0:00:04] [#]} Qc7 $146 ({Predecessor:} 16... Qa5 17. Qc4 Rfd8 18. Kg2 Rac8 19. Rab1 Nd5 20. Qb3 Qb4 21. Qxb4 Bxb4 22. Na2 Be7 {½-½ (37) Kaiser,C-Smid,A freechess.de 2018}) 17. h4 Rfd8 18. Rac1 Rd7 19. Qc4 a5 20. Kg2 Rad8 21. Qb3 Bb4 22. Na2 Bf8 23. Nc3 Bb4 24. Na2 Bf8 25. Nc3 Bb4 {[%emt 0:04:30] An even fight not without its subleties.  Weighted Error Value: White=0.03 (flawless) /Black=0.01 (flawless)} 1/2-1/2

[Event "Superbet Blitz Poland 2022"]
[Site "Warsaw"]
[Date "2022.05.23"]
[Round "10.5"]
[White "Rapport, Richard"]
[Black "Caruana, Fabiano"]
[Result "0-1"]
[ECO "B23"]
[WhiteElo "2776"]
[BlackElo "2786"]
[Annotator "TA"]
[PlyCount "98"]
[EventDate "2022.05.22"]
[EventType "tourn"]
[EventCountry "POL"]
[SourceTitle "playchess.com"]
[Source "ChessBase"]
[SourceQuality "1"]
[TimeControl "300+2"]

1. e4 c5 2. Nc3 d6 3. Bc4 a6 4. a3 e6 5. Ba2 Nc6 6. d3 {[%emt 0:00:02] B23: Closed Sicilian: Lines without g3.} Nf6 7. f4 Be7 8. Nf3 {[%emt 0:00:03] The position is equal.} O-O 9. O-O b5 10. Kh1 d5 11. e5 {[%emt 0:00:12] [#]} Ne8 $146 ({Predecessor:} 11... Nd7 12. Qe1 Nb6 13. Qg3 f5 14. exf6 Bxf6 15. Bd2 Ra7 16. Rae1 Raf7 17. Nd1 e5 {0-1 (40) Rossi,C (2286)-Solomon,K (2440) Padova 2012}) 12. Ne2 f5 13. exf6 Nxf6 14. c3 Bd7 15. b4 Be8 16. Ng5 Qd7 17. f5 exf5 18. Nf4 $1 {[%emt 0:00:01] Inhibits Bh5.} c4 (18... Bf7 $5) 19. Nfe6 Bh5 (19... Ne5 $5 ) 20. Nxf8 Rxf8 21. Qc2 (21. Nf3 $1 $14) 21... Bg6 (21... Ng4 $11) 22. Nh3 (22. Bf4 $14) 22... Ne5 $15 23. dxc4 {[%emt 0:00:20] [#]} ({Better is} 23. Nf4 $15) 23... bxc4 $2 (23... f4 $1 $19 24. Qe2 Bd3 25. Qxe5 Bxf1 26. Bxf4 Bxc4 27. Bxc4 dxc4) 24. Nf4 (24. Bf4 $11 Bd6 25. Qd2) 24... Bf7 $36 {[%emt 0:00:02][%mdl 3072] Black has strong compensation. Black is really pushing.} 25. Be3 g5 26. Bd4 Bd6 (26... Neg4 $5 27. Ne2 (27. h3 gxf4 28. hxg4 Ne4 $17) 27... f4 $15) 27. Nh3 Ne4 28. Nxg5 {[%emt 0:00:03] Black converts the advantage convincingly.} Nxg5 $19 {[%emt 0:00:18] Pair of Knights!} 29. Rxf5 Ne4 {[%emt 0:00:07] Dancing on a razor blade. Active counter play!} 30. Rxe5 (30. Raf1 Bg6 31. Rxf8+ Bxf8 32. Qc1 (32. Bxe5 $2 Ng3+ 33. Bxg3 Bxc2 $19) (32. Rxf8+ $2 Kxf8 33. Qc1 Qf5 $19)) 30... Bxe5 31. Bxe5 Bg6 {[%emt 0:00:01] aiming for ...Nf2+.} 32. Qc1 Qg4 33. h3 $2 (33. Qh6 {was the crucial defense.} Nf2+ 34. Kg1) 33... Qe2 {[%emt 0:00:04] ( -> ...Nf2+)} 34. Qe1 Rf2 (34... Qxe1+ $142 35. Rxe1 Re8) 35. Qxe2 Rxe2 36. Bd4 Ng5 37. Kh2 (37. Kg1 {might work better.}) 37... Nf3+ 38. Kg3 Nxd4 39. cxd4 {[%emt 0:00:02][%mdl 4096] Endgame KRB-KRB} Kg7 40. a4 Bd3 (40... Rb2 $142 41. Kf4 Rxb4) 41. b5 $2 (41. Kf3) 41... axb5 42. axb5 Rb2 {[%emt 0:00:01] Prevents Bb1.} 43. Kf4 Rxb5 44. Ke5 (44. h4 $142 Kf6 45. g4) 44... Bc2 {[%emt 0:00:06] White must now prevent ...Ra5.} 45. Rc1 Bd3 (45... Bg6 46. g3 Ra5) 46. Ra1 $1 c3 {[%emt 0:00:02][%cal Bc4c3,Bc3c2][%mdl 32] Black is clearly winning.} 47. g4 c2 {[%emt 0:00:01] Hoping for ...Ra5.} 48. h4 (48. Rc1 $142) 48... Ra5 49. Kf4 {[%emt 0:00:02] [#]} Rxa2 $1 {[%emt 0:00:02][%mdl 512] Weighted Error Value: White=0.70/Black=0.60} 0-1